 Dungeon Crawl Stone Soup version 0.31-a0-1074-g0b22e4e0f1 (webtiles) character file.

Game seed: 12061883350168224803

236 backslashecho the Grasshopper (level 6, -1/47 HPs)
             Began as a Human Warper on Dec 4, 2023.
             Slain by an ufetubus (2 damage)
             ... on level 4 of the Dungeon.
             The game lasted 00:07:12 (3068 turns).

backslashecho the Grasshopper (Human Warper)        Turns: 3068, Time: 00:07:12

Health: -1/47      AC:  3    Str: 11    XL:     6   Next: 27%
Magic:  9/9        EV: 12    Int: 13    God:
Gold:   139        SH:  0    Dex: 15    Spells: 7/9 levels left

rFire   + . .        a - +0 falchion
rCold   . . .        (no shield)
rNeg    . . .        m - +0 leather armour
rPois   .            (no helmet)
rElec   .            (no cloak)
rCorr   +            (no gloves)
SInv    .            (no boots)
Will    .....        (no amulet)
Stlth   +            h - ring of resist corrosion
HPRegen 0.27/turn    s - ring of protection from fire
MPRegen 0.11/turn

%: no passive effects
@: no status effects
A: no striking features
a: no special abilities


You were on level 4 of the Dungeon.
You visited 1 branch of the dungeon, and saw 4 of its levels.

You collected 139 gold pieces.

Inventory:

Hand Weapons
 a - a +0 falchion (weapon)
 b - a +1 spear of venom
Missiles
 d - 7 darts of dispersal
 p - 20 stones (quivered)
 u - 7 poisoned darts
Armour
 g - an orb of guile
 j - a +0 cloak
 m - a +0 leather armour (worn)
Jewellery
 h - a ring of resist corrosion (left hand)
 s - a ring of protection from fire (right hand)
Scrolls
 c - a scroll of blinking
 i - 4 scrolls of identify {unknown}
 l - 2 scrolls of noise {unknown}
 n - 2 scrolls of teleportation {unknown}
 o - 3 scrolls of enchant armour {unknown}
 r - a scroll of enchant weapon {unknown}
Potions
 e - 2 potions of attraction {unknown}
 f - a potion of heal wounds {unknown}
 k - a potion of curing
 q - a potion of berserk rage {unknown}
 t - 2 potions of degeneration {unknown}


   Skills:
 + Level 3.3 Fighting
 + Level 3.2 Long Blades
 - Level 2.0 Throwing
 - Level 1.0 Armour
 + Level 3.2 Dodging
 - Level 1.0 Unarmed Combat
 - Level 2.0 Spellcasting
 - Level 4.0 Translocations


You had 7 spell levels left.
You knew the following spells:

 Your Spells              Type           Power      Damage    Failure   Level
b - Blink                 Tloc           22%        N/A       10%         2

Your spell library contained the following spells:

 Spells                   Type           Power      Damage    Failure   Level
 Lesser Beckoning         Tloc           22%        N/A       10%         2
 Teleport Other           Tloc           11%        N/A       19%         3
 Magic Dart               Conj           4%         1d3       32%         1
 Ensorcelled Hibernation  Hex/Ice        2%         N/A       45%         2
 Passwall                 Tmut/Erth      0%         N/A       45%         2
 Searing Ray              Conj           2%         2d4       45%         2
 Manifold Assault         Tloc           11%        N/A       54%         4
 Swiftness                Air            1%         N/A       69%         3
 Vhi's Electric Charge    Tloc/Air       12%        N/A       82%         4
 Fulminant Prism          Conj/Hex       0%         3d5       97%         4


Dungeon Overview and Level Annotations

Branches:
Dungeon (4/15)
 Temple: D:4-7

Altars:
Okawaru


Message History

The orc closely misses you. The goblin barely misses you.
The orc hits you with a +0 short sword.
* * * LOW HITPOINT WARNING * * *
You take 3 damage, and have 5/47 hp.
You closely miss the goblin. The goblin hits you with a +0 dagger.
* * * LOW HITPOINT WARNING * * *
The orc completely misses you.
You completely miss the goblin. The goblin barely misses you.
The orc hits you but does no damage.
An ufetubus comes into view.
The goblin completely misses you.
You feel better. The orc misses you. The goblin hits you with a +0 dagger.
* * * LOW HITPOINT WARNING * * *
You regained 7 hp, and now have 12/47 hp.
You miss the goblin. The orc hits you with a +0 short sword.
* * * LOW HITPOINT WARNING * * *
The goblin misses you.
You take 2 damage, and have 10/47 hp.
You closely miss the goblin. The orc closely misses you.
The goblin hits you but does no damage.
You closely miss the goblin. You punch the goblin.
The goblin is moderately wounded.
The orc barely misses you. The goblin hits you but does no damage.
You hit the goblin.
You kill the goblin!
The ufetubus hits you but does no damage.
The ufetubus hits you.
* * * LOW HITPOINT WARNING * * *
The orc hits you but does no damage. The ufetubus barely misses you.
The ufetubus completely misses you.
You take 1 damage, and have 9/47 hp.
The orc attacks as it pursues you! The orc misses you.
Things that are here:
a +0 dagger; a +0 sling; a hound corpse The ufetubus attacks as it pursues you!
The ufetubus barely misses you.
The ufetubus hits you but does no damage.
The ufetubus barely misses you. The ufetubus completely misses you.
You hit the ufetubus.
The ufetubus is moderately wounded.
The ufetubus hits you.
* * * LOW HITPOINT WARNING * * *
The ufetubus hits you.
* * * LOW HITPOINT WARNING * * *
You take 7 damage, and have 3/47 hp.
You hit the ufetubus.
The ufetubus is heavily wounded.
The ufetubus barely misses you. The ufetubus hits you.
* * * LOW HITPOINT WARNING * * *
The ufetubus hits you.
You die...

.. ## ... ..#
..##.##
....#####
...###...##.##
.......<..#..##
.#............#
####........##
#.......@..#
#.##.####5###
...... #o..#
...###. #..##
.. .. ..## .
.... .....
..##.=. ...
....


You could see an ufetubus and an orc.

Vanquished Creatures
  2 hounds
  An orc priest (D:3)
  A jelly (D:3)
  A gnoll (D:1)
  3 adders (D:3)
  An ufetubus (D:4)
  2 worms
  3 dart slugs
  4 orcs (D:3)
  7 ball pythons
  7 endoplasms
  2 giant cockroaches
  9 goblins
  6 hobgoblins
  A quokka (D:3)
  2 bats
  6 frilled lizards
  5 kobolds
  2 rats
65 creatures vanquished.

Notes
Turn   | Place    | Note
-------+----------+-------------------------------------------
     0 | D:1      | backslashecho the Human Warper began the quest for the Orb.
     0 | D:1      | Reached XP level 1. HP: 16/16 MP: 3/3
   102 | D:1      | Reached XP level 2. HP: 21/22 MP: 5/5
   236 | D:1      | Reached XP level 3. HP: 18/27 MP: 6/6
  1261 | D:2      | Reached skill level 1 in Unarmed Combat
  1515 | D:2      | Reached XP level 4. HP: 34/34 MP: 7/7
  1625 | D:2      | Learned a level 2 spell: Blink
  1915 | D:3      | Reached XP level 5. HP: 29/39 MP: 8/8
  2001 | D:3      | Found an iron altar of Okawaru.
  2849 | D:3      | Reached XP level 6. HP: 8/47 MP: 9/9
  3049 | D:4      | Reached skill level 4 in Translocations
  3068 | D:4      | HP: 1/47 [ufetubus (3)]
  3068 | D:4      | Slain by an ufetubus

Illustrated notes

Levels and vault maps discovered:
D:1:      spicycebolla_arrival_ecumenical, layout_loops_corners
D:2:      layout_loops_ring
D:3:      layout_loops_cross, mainiacjoe_overflow_chevrons, minmay_puff
D:4:      layout_cave_pools, trog_book, general_overflow_altar, minmay_circle_x,
          uniq_natasha

Skill      XL: |  1  2  3  4  5  6 |
---------------+-------------------+-----
Unarmed Combat | 1 |  1.0
Throwing       | 2 |  2.0
Fighting       | 3 |  3.3
Long Blades    | 3 |  3.2
Dodging        | 3 |  3.2
Translocations | 4 |  4.0
Armour         | |  1.0
Spellcasting   | |  2.0

Action                     |  1- 3 |  4- 6 || total
---------------------------+-------+-------++-------
  Melee: Falchion          |    57 |    46 ||   103
         Spear             |    35 |    70 ||   105
         Punch             |       |     2 ||     2
  Throw: Stone             |       |     1 ||     1
    Use: Potion            |       |     3 ||     3
   Stab: Sleeping          |     1 |     4 ||     5
 Armour: Leather armour    |    36 |    90 ||   126
  Dodge: Dodged            |    42 |   114 ||   156

Table legend: (Time is in decaauts)
 A = Elapsed time spent in this place.
 B = Non-inter-level travel time spent in this place.
 C = Inter-level travel time spent in this place.
 D = Time resting spent in this place.
 E = Time spent auto-exploring this place.
 F = Levels seen in this place.
 G = Mean time per level.
                   A        B        C        D        E       F      G
               +--------+--------+--------+--------+--------+-----+--------+
         Total |   3084 |   2966 |    118 |    309 |   2066 |   4 |  771.0 |
       Dungeon |   3084 |   2966 |    118 |    309 |   2066 |   4 |  771.0 |
               +--------+--------+--------+--------+--------+-----+--------+

Top non-repeatable levels by time:
     D:3: 1174 daAuts
     D:1: 1143 daAuts
     D:2: 703 daAuts
     D:4: 62 daAuts
